 Dungeon Crawl Stone Soup version 0.28-a0-863-g8cecda6153 (webtiles) character file.

Game seed: 2929455182125589800

933 bande the Covered (level 8, -10/48 HPs)
             Began as a Gargoyle Fighter on Nov 18, 2021.
             Was an Initiate of Okawaru.
             Mangled by a troll (13 damage)
             ... on level 4 of the Dungeon.
             The game lasted 00:07:00 (5905 turns).

bande the Covered (Gargoyle Fighter)                Turns: 5905, Time: 00:07:02

Health: -10/48     AC: 18    Str: 21    XL:     8   Next: 11%
Magic:  9/9        EV:  8    Int:  9    God:    Okawaru [......]
Gold:   155        SH:  4    Dex: 10    Spells: 7/7 levels left

rFire   . . .      SeeInvis .   o - +1 hand axe (freeze)
rCold   . . .      Faith    .   c - +0 buckler
rNeg    + . .      Spirit   .   p - +0 chain mail
rPois   ∞          Reflect  .   l - +2 helmet
rElec   +          Harm     .   (no cloak)
rCorr   .          Rampage  .   (no gloves)
Will    +....                   (no boots)
Stlth   ..........              (no amulet)
HPRegen 0.16/turn               k - ring of willpower
MPRegen 0.11/turn               (no ring)

@: no status effects
A: sickness immunity, AC +5, negative energy resistance 1, electricity
resistance, torment resistance 1, petrification resistance
a: Renounce Religion


You were on level 4 of the Dungeon.
You worshipped Okawaru.
Okawaru was noncommittal.
You visited 2 branches of the dungeon, and saw 6 of its levels.

You collected 155 gold pieces.

Inventory:

Hand Weapons
 a - a +0 war axe
 o - a +1 hand axe of freezing (weapon)
Armour
 c - a +0 buckler (worn)
 l - a +2 helmet (worn)
 p - a +0 chain mail (worn)
Jewellery
 k - a ring of willpower (left hand)
 r - a ring of protection from fire
Wands
 m - a wand of digging (7)
 q - a wand of paralysis (6)
Scrolls
 e - a scroll of teleportation
 i - a scroll of fear
 s - a scroll of amnesia
 t - a scroll of magic mapping {unknown}
Potions
 b - a potion of ambrosia {unknown}
 d - 2 potions of might
 f - 2 potions of curing
 g - 2 potions of cancellation {unknown}
 h - a potion of degeneration {unknown}
 j - 2 potions of brilliance
 n - a potion of heal wounds {unknown}


   Skills:
 + Level 4.9 Fighting
 + Level 5.2 Axes
 + Level 5.6 Armour
 - Level 0.1 Dodging
 + Level 4.4 Shields
 * Level 1.9 Invocations
 * Level 2.3 Evocations


You had 7 spell levels left.
You didn't know any spells.
Your spell library was empty.

Dungeon Overview and Level Annotations

Branches:
Dungeon (5/15)             Temple (1/1) D:5

Altars:
Ashenzari
Dithmenos
Elyvilon
Fedhas
Gozag
Kikubaaqudgha
Makhleb
Nemelex Xobeh
Okawaru
Qazlal
Ru
Sif Muna
Trog
Uskayaw
Vehumet
Wu Jian
Xom
Yredelemnul
Zin
The Shining One


Innate Abilities, Weirdness & Mutations

You are immune to sickness and miasma.
Your stone body is resilient. (AC +5)
You are immune to poison.
You resist negative energy. (rN+)
You are resistant to electric shocks. (rElec)
You are resistant to unholy torment.
You are immune to petrification.


Message History

Deactivating autopickup; reactivate with Ctrl-A.
A sky beast appears from thin air!
Reactivating autopickup.
The sky beast flickers out of sight!
Deactivating autopickup; reactivate with Ctrl-A.
You see here a +0 giant club.
A sky beast appears from thin air!
Reactivating autopickup.
The sky beast flickers out of sight!
Deactivating autopickup; reactivate with Ctrl-A.
A sky beast appears from thin air!
Reactivating autopickup.
There is a stone staircase leading up here.
The troll bites you but does no damage. The troll claws you but does no damage.
The troll barely misses you.
You climb upwards.
There is a stone staircase leading down here.
You hit the troll. You freeze the troll.
The troll is lightly wounded.
You block the troll's attack. The troll claws you. The troll claws you!
You hit the troll. You freeze the troll.
The troll is moderately wounded.
The troll bites you but does no damage.
The troll claws you but does no damage. x2
You hit the troll. You freeze the troll.
The troll is moderately wounded.
The troll bites you but does no damage. The troll claws you!
* * * LOW HITPOINT WARNING * * *
The troll claws you but does no damage.
You hit the troll but do no damage.
The troll is moderately wounded.
You block the troll's attack. The troll claws you but does no damage.
The troll closely misses you.
You hit the troll. You freeze the troll.
The troll is moderately wounded.
You block the troll's attack. The troll claws you.
* * * LOW HITPOINT WARNING * * *
The troll claws you.
* * * LOW HITPOINT WARNING * * *
The troll bites you!
You die...

.## ###.......##
##...#......... ##
##..........###..####......#.
#...............## ##....##.
#..............## #######.
#..............# ##.
##.............# #..
#.............## #..
##........T....# ##..
##........@...## ##..#
##............# ##..##
##........#..# ##..##
##.......#..## ##...#
##......##..# #...##
##.....###..# ##..## #.....##
#..###..## ##.....# ##..#..##
#.....## #.÷...#


You could see a troll.

Vanquished Creatures
  A water moccasin (D:5)
  A black bear (D:5)
  2 ogres
  3 scorpions
  A water moccasin zombie (D:5)
  A howler monkey (D:5)
  A centaur zombie (D:5)
  4 hounds
  A hound skeleton (D:5)
  3 gnolls (D:3)
  2 adders
  A white imp (D:5)
  2 worms
  A dart slug (D:3)
  8 orcs
  2 bats (D:1)
  8 endoplasms
  7 giant cockroaches
  5 goblins
  4 hobgoblins
  7 quokkas
  3 ball pythons
  4 frilled lizards
  4 kobolds
  2 rats
78 creatures vanquished.

Vanquished Creatures (others)
  A plant (D:1)
1 creature vanquished.

Grand Total: 79 creatures vanquished

Notes
Turn   | Place    | Note
-------+----------+-------------------------------------------
     0 | D:1      | bande the Gargoyle Fighter began the quest for the Orb.
     0 | D:1      | Reached XP level 1. HP: 14/14 MP: 1/1
    77 | D:1      | Reached XP level 2. HP: 14/19 MP: 2/2
   763 | D:2      | Found a faded altar of an unknown god.
   780 | D:2      | Reached XP level 3. HP: 17/23 MP: 3/3
  1219 | D:2      | Found a sacrificial altar of Ru.
  2038 | D:3      | Noticed a scorpion
  2044 | D:3      | Killed a scorpion
  2045 | D:3      | Reached XP level 4. HP: 19/29 MP: 4/4
  2212 | D:3      | Reached XP level 5. HP: 23/33 MP: 5/5
  3540 | D:4      | Reached XP level 6. HP: 37/38 MP: 6/6
  4349 | D:5      | Entered Level 5 of the Dungeon
  4356 | D:5      | Noticed a water moccasin
  4376 | D:5      | Killed a water moccasin
  4377 | D:5      | Reached skill level 5 in Armour
  4377 | D:5      | Reached skill level 1 in Evocations
  4377 | D:5      | Reached XP level 7. HP: 35/44 MP: 7/7
  4436 | D:5      | Found a staircase to the Ecumenical Temple.
  4451 | Temple   | Entered the Ecumenical Temple
  4498 | Temple   | Became a worshipper of Warmaster Okawaru
  5004 | D:5      | Reached skill level 1 in Invocations
  5084 | D:5      | Reached skill level 5 in Axes
  5232 | D:5      | Reached XP level 8. HP: 36/48 MP: 9/9
  5835 | D:5      | Noticed a troll
  5905 | D:4      | Mangled by a troll

Illustrated notes

Levels and vault maps discovered:
D:1:      kennysheep_arrival_seaside, layout_rooms, st_stairs_10, minivault_26
D:2:      layout_rooms, basic_altar, ebering_ecumenical_altar_mist,
          grunt_decor_clamped
D:3:      layout_basic
D:4:      layout_cave_pods
D:5:      layout_basic, minmay_temple_entry_overgrown, nrook_mini_backslash,
          minmay_tree_intersection, kennysheep_generic_room_13
Temple:   grunt_wide_crystal_templ

Skill      XL: |  1  2  3  4  5  6  7 |
---------------+----------------------+-----
Axes           | 2 3 4 5 |  5.2
Armour         | 4 5 |  5.6
Fighting       | 4 |  4.9
Shields        | 4 |  4.4
Evocations     | 1 2 |  2.3
Invocations    | 1 |  1.9
Dodging        | |  0.1

Action                   |  1- 3 |  4- 6 |  7- 9 || total
-------------------------+-------+-------+-------++-------
Melee: War axe           |   145 |   107 |       ||   252
       Hand axe          |       |    35 |    78 ||   113
  Use: Scroll            |     5 |     2 |       ||     7
Armor: Scale mail        |    59 |    62 |       ||   121
       Chain mail        |       |    11 |    59 ||    70
Dodge: Dodged            |    80 |    68 |    31 ||   179
Block: Buckler           |    41 |    30 |    11 ||    82

Table legend: (Time is in decaauts)
 A = Elapsed time spent in this place.
 B = Non-inter-level travel time spent in this place.
 C = Inter-level travel time spent in this place.
 D = Time resting spent in this place.
 E = Time spent auto-exploring this place.
 F = Levels seen in this place.
 G = Mean time per level.
                   A        B        C        D        E       F      G
               +--------+--------+--------+--------+--------+-----+--------+
         Total |   6008 |   5935 |     73 |    973 |   3949 |   6 | 1001.3 |
       Dungeon |   5933 |   5860 |     73 |    973 |   3949 |   5 | 1186.6 |
        Temple |     74 |     74 |      0 |      0 |      0 |   1 |   74.0 |
               +--------+--------+--------+--------+--------+-----+--------+

Top non-repeatable levels by time:
     D:3: 1607 daAuts
     D:5: 1482 daAuts
     D:4: 1213 daAuts
     D:2: 836 daAuts
     D:1: 793 daAuts
  Temple: 74 daAuts
